 Dungeon Crawl Stone Soup version 0.31-a0-214-gb37851dbb3 (webtiles) character file.

Game seed: 7099558675692435418

37 qw the Shooter (level 3, -5/21 HPs)
             Began as a Gargoyle Hexslinger on July 1, 2023.
             Slain by Terence
             ... wielding a +0 mace
              (9 damage)
             ... on level 2 of the Dungeon.
             The game lasted 00:00:23 (661 turns).

qw the Shooter (Gargoyle Hexslinger)                 Turns: 661, Time: 00:00:23

Health: -5/21      AC:  8    Str: 11    XL:     3   Next: 41%
Magic:  4/4        EV: 10    Int: 13    God:
Gold:   1086       SH:  0    Dex: 14    Spells: 3/4 levels left

rFire   + . .        Y - +1 sling
rCold   . . .        (no shield)
rNeg    + . .        d - +0 ring mail
rPois   inf          (no helmet)
rElec   +            (no cloak)
rCorr   .            (no gloves)
SInv    .            (no boots)
Will    .....        (no amulet)
Stlth   +            i - ring of protection from fire
HPRegen 0.23/turn    (no ring)
MPRegen 0.09/turn

%: no passive effects
@: no status effects
A: sickness immunity, AC +3, negative energy resistance 1, electricity
resistance, torment resistance 1, petrification resistance
a: no special abilities


You were on level 2 of the Dungeon.
You visited 1 branch of the dungeon, and saw 2 of its levels.

You collected 1086 gold pieces.


Innate Abilities, Weirdness & Mutations

You are immune to sickness and miasma.
Your stone body is resilient. (AC +3)
You are immune to poison.
You resist negative energy. (rN+)
You are resistant to electric shocks. (rElec)
You are resistant to unholy torment.
You are immune to petrification.


   Skills:
 - Level 2.0 Fighting
 + Level 3.3 Ranged Weapons
 - Level 1.5 Dodging
 - Level 1.0 Spellcasting
 - Level 2.6 Hexes


You had 3 spell levels left.
You knew the following spells:

 Your Spells              Type           Power      Damage    Failure   Level
a - Slow                  Hex            28%        N/A       22%         1

Your spell library contained the following spells:

 Spells                   Type           Power      Damage    Failure   Level
 Inner Flame              Hex/Fire       4%         N/A       75%         3
 Portal Projectile        Hex/Tloc       8%         N/A       75%         3
 Cause Fear               Hex            3%         N/A       92%         4

Inventory:

Hand Weapons
 Y - a +1 sling (weapon)
Armour
 d - a +0 ring mail (worn)
Jewellery
 i - a ring of protection from fire (left hand)
Potions
 a - 2 potions of ambrosia {unknown}
 g - a potion of curing {unknown}

Dungeon Overview and Level Annotations

Branches:
Dungeon (2/15)

Altars:

Annotations:
D:2 Terence


Message History

You kill the hobgoblin!
You start resting.
HP restored.
Things that are here:
5 stones; a frilled lizard corpse
Found a stone staircase leading down.
Enter note:
There is a stone staircase leading down here.
Terence the Incautious comes into view.
He is wielding a +0 mace.
Terence shouts!
Enter note: You shoot a sling bullet.
The sling bullet hits Terence.
Terence is lightly wounded.
You shoot a sling bullet.
The sling bullet completely misses Terence.
Terence looks scornfully at you.
You shoot a sling bullet. The sling bullet barely misses Terence.
You shoot a sling bullet.
The sling bullet hits Terence but does no damage.
Terence is lightly wounded.
You shoot a sling bullet.
The sling bullet hits Terence but does no damage.
Terence hits you but does no damage. x2
You shoot a sling bullet. The sling bullet barely misses Terence.
Terence hits you with a +0 mace.
You shoot a sling bullet. The sling bullet hits Terence.
Terence is moderately wounded.
Terence hits you with a +0 mace. Terence screams, "I want your blood!"
Terence hits you with a +0 mace.
You shoot a sling bullet.
The sling bullet hits Terence but does no damage.
Terence is lightly wounded.
Terence hits you with a +0 mace.
You shoot a sling bullet. The sling bullet hits Terence.
Terence is heavily wounded.
Terence hits you with a +0 mace.
You shoot a sling bullet. The sling bullet barely misses Terence.
Terence closely misses you. Terence hits you with a +0 mace!
You die...

##..########.##..#
#)###.#### ....<#
#.....# #.# #.##..
##...# #.##..# #.#
#.##%# #...#
#.##..#######.# #.##.#
#...# #.............#
#..... #...# #...>...#
### ####.#
##...#######.##.##.#
#.....
...........#.##.##.##...
#.##.#
.............##.@@......
#.##.#
...........#.##..#.##...
#.##.#
#.....######.##..# #
#.##.# #.....# #......
#.##.# #.....# ####.####
#..... #.....#
#......############.#
#.....##
#.#.##.#............#
.......#
#.#.##.#.############
##...#(### #.#......#


You could see Terence.

Vanquished Creatures
  An adder (D:1)
  A worm (D:2)
  A dart slug (D:2)
  3 ball pythons
  3 bats
  2 endoplasms (D:1)
  A giant cockroach (D:1)
  A goblin (D:1)
  2 hobgoblins
  2 kobolds
  A quokka (D:2)
  2 frilled lizards (D:2)
  4 rats
24 creatures vanquished.

Notes
Turn   | Place    | Note
-------+----------+-------------------------------------------
     0 | D:1      | qw the Gargoyle Hexslinger began the quest for the Orb.
     0 | D:1      | Reached XP level 1. HP: 12/12 MP: 2/2
     0 | D:1      | 0 ||| qw: Version: 0.3-a-32-g5962c71
     0 | D:1      | 0 ||| qw: Game counter: 7629
     0 | D:1      | 0 ||| qw: Melee chars always use a shield: true
     0 | D:1      | 0 ||| qw: God list: Okawaru
     0 | D:1      | 0 ||| qw: Allow faded altars: false
     0 | D:1      | 0 ||| qw: Do Orc after clearing Dungeon:15 true
     0 | D:1      | 0 ||| qw: Do second Lair branch before Depths: true
     0 | D:1      | 0 ||| qw: Lair rune preference: random
     0 | D:1      | 0 ||| qw: Goals: Normal
     0 | D:1      | 0 ||| PLANNING D:1-11
    11 | D:1      | Found a faded altar of an unknown god.
    98 | D:1      | Reached XP level 2. HP: 16/16 MP: 3/3
   244 | D:1      | Reached skill level 3 in Ranged Weapons
   352 | D:1      | 352 ||| UPGRADING to +0 ring mail.
   362 | D:1      | 362 ||| DROPPING +0 robe.
   363 | D:1      | 363 ||| UPGRADING to ring of protection from fire.
   364 | D:1      | 364 ||| READING scroll labelled SAOHOYBANES.
   367 | D:1      | 367 ||| READING 2 scrolls labelled FAUWIDAXZI.
   368 | D:1      | 368 ||| READING scroll labelled DEBO AVVOUSCH.
   368 | D:1      | Identified a scroll of acquirement
   368 | D:1      | 368 ||| ACQUIRING 1037 gold pieces
   368 | D:1      | Acquired 1037 gold pieces
   370 | D:1      | 370 ||| READING scroll labelled YRCHUO WINEWN.
   371 | D:1      | 371 ||| DROPPING scroll of poison.
   372 | D:1      | 372 ||| DROPPING scroll of revelation.
   385 | D:2      | 385 ||| STAIRDANCE
   388 | D:1      | Reached XP level 3. HP: 20/21 MP: 4/4
   410 | D:2      | 410 ||| Stepping ~*~*~tactically~*~*~ (outnumbered).
   651 | D:2      | Noticed Terence
   660 | D:2      | HP: 3/21 [Terence/+0 mace (3)]
   661 | D:2      | Slain by Terence

Levels and vault maps discovered:
D:1:      minmay_arrival_three_doors, layout_rooms,
          dreamdust_ecumenical_altar_statues
D:2:      layout_loops_cross, uniq_terence, uniq_jessica

Skill      XL: |  1  2  3 |
---------------+----------+-----
Ranged Weapons | 3 |  3.3
Fighting       | 2 |  2.0
Dodging        | |  1.5
Spellcasting   | |  1.0
Hexes          | |  2.6

Action                     || total
---------------------------++-------
   Fire: Sling             ||    88
    Use: Scroll            ||     4
 Armour: Robe              ||     4
         Ring mail         ||    21
  Dodge: Dodged            ||    23

Table legend:
 A = Non-vault XP
 B = Vault XP
 C = Vault XP percentage of total XP
 D = Non-vault monster count
 E = Vault monster count
 F = Vault count percentage of total count
                 A         B        C        D         E       F
            +---------+---------+-------+---------+---------+-------
      Total |      54 |       0 |   0.0 |      24 |       0 |   0.0
            +---------+---------+-------+---------+---------+-------
        D:1 |      34 |       0 |   0.0 |      13 |       0 |   0.0
        D:2 |      20 |       0 |   0.0 |      11 |       0 |   0.0
            +---------+---------+-------+---------+---------+-------
